 Dungeon Crawl Stone Soup version 0.27.1-2-g3b301248ec (webtiles) character file.

Game seed: 2891758478038193057

107 Borgoz the Skirmisher (level 4, -1/40 HPs)
             Began as a Ghoul Monk on Sept 24, 2021.
             Slain by Natasha (7 damage)
             ... on level 2 of the Dungeon.
             The game lasted 00:01:41 (1636 turns).

Borgoz the Skirmisher (Ghoul Monk)                  Turns: 1636, Time: 00:01:41

Health: -1/40      AC:  2    Str: 14    XL:     4   Next: 85%
Magic:  3/3        EV: 12    Int:  5    God:
Gold:   58         SH:  0    Dex: 12    Spells: 3/3 levels left

rFire    + . .     SeeInvis .     - Unarmed
rCold    + . .     Faith    .   (no shield)
rNeg     + + +     Spirit   .   a - +0 robe
rPois    ∞         Reflect  .   (no helmet)
rElec    .         Harm     .   (no cloak)
rCorr    .         Rampage  .   (no gloves)
Will     .....                  (no boots)
Stlth    ++........             (no amulet)
HPRegen  0.00/turn              j - ring of protection from fire
MPRegen  0.08/turn              (no ring)

@: flying, inhibited regen
A: claws 1, cold resistance 1, negative energy resistance 3, inhibited
regeneration, torment resistance 2
a: no special abilities


You were on level 2 of the Dungeon.
You visited 1 branch of the dungeon, and saw 2 of its levels.

You collected 58 gold pieces.

Inventory:

Armour
 a - a +0 robe (worn)
Jewellery
 j - a ring of protection from fire (left claw)
Scrolls
 b - a scroll of identify {unknown}
 d - a scroll of noise {unknown}
 f - 3 scrolls of enchant armour {unknown}
 g - 3 scrolls of teleportation {unknown}
Potions
 h - a potion of invisibility {unknown}
 i - a potion of lignification {unknown}


   Skills:
 + Level 4.1 Fighting
 + Level 3.3 Dodging
 + Level 3.4 Stealth
 + Level 4.0 Unarmed Combat


You had 3 spell levels left.
You didn't know any spells.
Your spell library contained the following spells:

 Spells                   Type           Power      Damage    Failure   Level
 Foxfire                  Conj/Fire      0%         2x1d4     47%         1
 Conjure Flame            Conj/Fire      0%         6-21      85%         3
 Inner Flame              Hex/Fire       0%         N/A       85%         3


Dungeon Overview and Level Annotations

Branches:
Dungeon (2/15)

Altars:
Xom

Annotations:
D:2 Natasha


Innate Abilities, Weirdness & Mutations

You thrive by killing the living.
You are immune to poison.
You have sharp fingernails.
Your flesh is cold resistant. (rC+)
You are immune to negative energy. (rN+++)
You do not regenerate when monsters are visible.
You are immune to unholy pain and torment.


Message History

You closely miss Natasha.
Natasha is severely wounded.
The white imp grinds its teeth.
The white imp hits you but does no damage.
The crimson imp hits you. Natasha claws you.
You barely miss Natasha.
Natasha is severely wounded.
The white imp gestures at you. The puff of frost hits you. You resist.
The crimson imp closely misses you.
Natasha mumbles some strange words.
You closely miss Natasha.
Natasha is severely wounded.
The white imp barely misses you.
The crimson imp blinks!
Natasha claws you.
You barely miss Natasha.
Natasha is severely wounded.
The white imp gestures at you. The puff of frost misses you.
The crimson imp hits you. Natasha claws you.
You scratch Natasha but do no damage.
Natasha is severely wounded.
The crimson imp closely misses you. The white imp gestures at you.
The puff of frost hits you. You resist.
The crimson imp blinks!
Natasha claws you.
You barely miss Natasha.
Natasha is severely wounded.
The crimson imp blinks!
The white imp hits you.
* * * LOW HITPOINT WARNING * * *
The white imp freezes you. You resist.
* * * LOW HITPOINT WARNING * * *
The crimson imp misses you. Natasha barely misses you.
It was a potion of curing.
You feel better.
The crimson imp blinks!
The white imp misses you. The crimson imp closely misses you.
Natasha claws you!
* * * LOW HITPOINT WARNING * * *
It was a potion of flight.
You feel very buoyant.
You fly up into the air.
The white imp hits you but does no damage.
The crimson imp barely misses you. Natasha claws you!
You die...

############
#......§ ..# #...#
#.# #h@5####.#
###5..##.# ##.
#...#.##.# ...
..#...#.##.# #..
#..........# ##.#
##############.####
##.# #.......# #.#
##.# #.......# #.#
##.###.......# #.#


You could see Natasha, a crimson imp (summoned) and a white imp (summoned).

Vanquished Creatures
  Natasha (D:2)
  3 adders (D:2)
  A dart slug (D:1)
  An orc (D:2)
  4 endoplasms
  2 giant cockroaches (D:2)
  6 goblins
  9 hobgoblins
  3 quokkas
  3 ball pythons
  4 bats
  3 frilled lizards
  4 kobolds
  2 rats
46 creatures vanquished.

Notes
Turn   | Place    | Note
-------+----------+-------------------------------------------
     0 | D:1      | Borgoz the Ghoul Monk began the quest for the Orb.
     0 | D:1      | Reached XP level 1. HP: 19/19 MP: 0/0
    76 | D:1      | Reached XP level 2. HP: 22/26 MP: 1/1
   430 | D:1      | Reached XP level 3. HP: 26/31 MP: 2/2
  1072 | D:2      | Found a faded altar of an unknown god.
  1114 | D:2      | Noticed Natasha
  1121 | D:2      | Killed Natasha
  1122 | D:2      | Reached XP level 4. HP: 40/40 MP: 3/3
  1290 | D:2      | Found a shimmering altar of Xom.
  1621 | D:2      | Noticed Natasha
  1636 | D:2      | Slain by Natasha

Illustrated notes

Levels and vault maps discovered:
D:1:      wander_arrival_abandoned_jail, layout_basic
D:2:      layout_loops_cross, shapermc_ecumenical_altar_notcrosses, basic_altar,
          uniq_natasha

Skill      XL: |  1  2  3  4 |
---------------+-------------+-----
Dodging        | 3 |  3.3
Stealth        | 3 |  3.4
Fighting       | 4 |  4.1
Unarmed Combat | 4 |  4.0

Action                   |  1- 3 |  4- 6 || total
-------------------------+-------+-------++-------
Melee: Unarmed           |    92 |    57 ||   149
  Use: Potion            |       |     2 ||     2
 Stab: Sleeping          |     1 |     4 ||     5
Armor: Robe              |    17 |     8 ||    25
Dodge: Dodged            |    58 |    36 ||    94
